 Dungeon Crawl Stone Soup version 0.26.0-5-gb5863c6483 (webtiles) character file.

Game seed: 866357575046731241

445 Acheron the Ducker (level 7, -1/51 HPs)
             Began as a Merfolk Wanderer on Jan 10, 2021.
             Slain by an orc priest
             ... wielding a +0 flail
              (6 damage)
             ... on level 3 of the Dungeon.
             The game lasted 00:20:42 (3048 turns).

Acheron the Ducker (Merfolk Wanderer)               Turns: 3048, Time: 00:20:45

Health: -1/51      AC:  7    Str: 11    XL:     7   Next: 3%
Magic:  7/7        EV: 13    Int: 14    God:
Gold:   158        SH:  0    Dex: 14    Spells: 6/6 levels left

rFire    . . .     SeeInvis .   p - +0 war axe
rCold    + . .     Faith    .   (no shield)
rNeg     . . .     Spirit   .   u - +0 troll leather armour
rPois    .         Reflect  .   i - +0 helmet
rElec    .         Harm     .   q - +0 cloak
rCorr    .         Rampage  .   (no gloves)
Will     .....                  r - +0 pair of boots
Stlth    ++........             (no amulet)
HPRegen  0.57/turn              o - ring of protection from cold
MPRegen  0.10/turn              (no ring)

@: no status effects
A: change form in water, swift swim, stealthy swim
a: no special abilities


You were on level 3 of the Dungeon.
You visited 1 branch of the dungeon, and saw 5 of its levels.

You collected 158 gold pieces.

Inventory:

Hand Weapons
 a - a +2 shortbow
 k - a +0 hunting sling
 m - a +0 short sword
 p - a +0 war axe (weapon)
Missiles
 b - 27 arrows
 d - 70 poisoned darts (quivered)
 h - 46 stones
 j - 25 sling bullets
 n - 7 boomerangs
Armour
 i - a +0 helmet (worn)
 q - a +0 cloak (worn)
 r - a +0 pair of boots (worn)
 u - a +0 troll leather armour (worn)
Jewellery
 o - a ring of protection from cold (left hand)
 t - an uncursed ring of fire {unknown}
Wands
 v - a wand of paralysis (11)
Scrolls
 e - a scroll of teleportation
 g - 2 scrolls of identify
 l - a scroll of amnesia
Potions
 c - a potion of heal wounds {unknown}
 f - a potion of haste
 s - a potion of lignification


   Skills:
 * Level 2.5 Fighting
 * Level 1.9 Short Blades
 + Level 0.7 Axes
 + Level 3.5 Bows
 * Level 2.5 Throwing
 * Level 2.3 Armour
 * Level 3.7 Dodging
 * Level 2.6 Stealth
 + Level 1.0 Shields
 + Level 2.1 Unarmed Combat


You had 6 spell levels left.
You didn't know any spells.
Your spell library was empty.

Dungeon Overview and Level Annotations

Branches:
Dungeon (5/15)             Temple (0/1) D:5

Altars:
Gozag

Annotations:
D:2 Robin
D:3 exclusion: downstairs
D:4 Menkaure


Message History

The orc wizard mumbles some strange words.
The orc wizard blinks!
The orc priest shouts!
Things that are here:
a +0 dagger of speed; a +0 robe; an orc corpse The orc priest mumbles some strange prayers to Beogh against you.
Beogh smites you!
* * * LOW HITPOINT WARNING * * *
The orc throws a stone.
The stone barely misses you.
The stone hits the orc priest.
You see here a poisoned dart.
Unknown command.
You hit the orc priest.
The orc priest is heavily wounded.
The orc priest calls down the wrath of Beogh upon you.
Pain shoots through your body!
* * * LOW HITPOINT WARNING * * *
The orc throws a stone.
The stone hits you but does no damage.
The orc priest hits you with a +0 flail.
You die...

.......# #≈≈≈≈≈≈≈....≈≈≈≈
.......# #≈≈≈≈≈≈≈≈≈≈≈≈≈≈≈
..o.o>.# #≈≈≈≈≈≈≈≈≈≈≈≈≈≈≈
.......# ##≈≈≈≈)≈≈≈≈≈≈≈≈≈
......## ##≈≈≈≈≈≈≈≈≈≈≈≈≈ .....##
####≈≈≈≈≈≈≈≈≈≈≈≈ ...)..#
##(.##≈≈≈≈≈≈≈≈≈≈# ......#
##)o####≈≈≈≈≈≈≈≈##
....).##########@§###############
......§........o..o..............
.............(.##################
......########## # ......# #
......# # ......# # ......#
#######


You could see an orc priest, an orc wizard and an orc.

Vanquished Creatures
  An ogre (D:4)
  5 hounds
  A bullfrog skeleton (D:4)
  2 orc wizards (D:3)
  7 adders
  A white imp (D:5)
  2 oozes
  4 dart slugs
  2 orcs
  3 giant cockroaches (D:1)
  5 goblins
  4 hobgoblins
  4 jackals (D:4)
  A ball python (D:3)
  4 bats
  A frilled lizard (D:1)
  A jackal skeleton (D:5)
  6 kobolds
  4 rats
58 creatures vanquished.

Notes
Turn   | Place    | Note
-------+----------+-------------------------------------------
     0 | D:1      | Acheron the Merfolk Wanderer began the quest for the Orb.
     0 | D:1      | Acheron set off with the following items: a +2 shortbow, 22
                  | arrows, a potion of lignification, 12 poisoned darts, a +0
                  | dagger, a +0 robe
     0 | D:1      | Reached XP level 1. HP: 13/13 MP: 1/1
   150 | D:1      | Reached XP level 2. HP: 16/19 MP: 2/2
   456 | D:2      | Noticed Robin
  1054 | D:1      | Reached XP level 3. HP: 25/25 MP: 3/3
  1055 | D:1      | Reached skill level 1 in Stealth
  1297 | D:2      | Reached skill level 1 in Fighting
  1298 | D:2      | Reached XP level 4. HP: 29/32 MP: 4/4
  1553 | D:4      | Noticed an ogre
  1633 | D:3      | Found an opulent altar of Gozag.
  2192 | D:4      | Killed an ogre
  2193 | D:4      | Reached skill level 1 in Short Blades
  2193 | D:4      | Reached XP level 5. HP: 16/38 MP: 5/5
  2278 | D:4      | Noticed Menkaure
  2301 | D:3      | Reached XP level 6. HP: 24/44 MP: 6/6
  2551 | D:5      | Entered Level 5 of the Dungeon
  2615 | D:5      | Found a staircase to the Ecumenical Temple.
  3046 | D:3      | Reached XP level 7. HP: 18/51 MP: 7/7
  3048 | D:3      | Slain by an orc priest

Illustrated notes

Levels and vault maps discovered:
D:1:      eino_arrival_tree_alley, layout_basic, hex_large
D:2:      layout_rooms, minmay_tromino_mix6, uniq_crazy_yiuf_cottage,
          uniq_sigmund, uniq_robin
D:3:      kennysheep_big_flooded_room, layout_rooms,
          lemuel_coloured_pillars_altar, grunt_gozag_statues
D:4:      layout_loops_ring, serial_glass, glass_columns_c, glass_columns_a,
          uniq_menkaure, uniq_duvessa
D:5:      layout_loops_ring, minmay_temple_entry_junction, uniq_prince_ribbit1

Skill      XL: |  1  2  3  4  5  6 |
---------------+-------------------+-----
Dodging        | 2 3 |  3.7
Stealth        | 1 2 |  2.6
Bows           | 3 |  3.5
Fighting       | 1 2 |  2.5
Short Blades   | 1 |  1.9
Throwing       | 2 |  2.5
Armour         | 2 |  2.3
Axes           | |  0.7
Shields        | |  1.0
Unarmed Combat | |  2.1

Action                   |  1- 3 |  4- 6 |  7- 9 || total
-------------------------+-------+-------+-------++-------
Melee: Dagger            |    28 |       |       ||    28
       Short sword       |       |    92 |       ||    92
       War axe           |       |    52 |     1 ||    53
       Punch             |       |     1 |       ||     1
 Fire: Shortbow          |    56 |    35 |       ||    91
Throw: Dart              |       |     6 |       ||     6
  Use: Scroll            |     1 |     6 |       ||     7
       Potion            |       |     2 |       ||     2
 Stab: Sleeping          |       |     1 |       ||     1
Armor: Ring mail         |    27 |    42 |       ||    69
       Skin              |       |     9 |       ||     9
       Troll leather arm |       |    18 |       ||    18
Dodge: Dodged            |    42 |   127 |     2 ||   171
